 Dungeon Crawl Stone Soup version 0.19.1 (console) character file.

1437 CALLOUS the Slicer (level 9, -11/53 HPs)
             Began as a Kobold Artificer on Nov 28, 2016.
             Was an Initiate of Trog.
             Mangled by an orc warrior
             ... wielding a +0 glaive
              (20 damage)
             ... on level 9 of the Dungeon.
             The game lasted 03:05:51 (10357 turns).

CALLOUS the Slicer (Kobold Artificer)              Turns: 10357, Time: 03:05:52

Health: -11/53     AC:  4    Str: 12 (13) XL:     9   Next: 3%
Magic:  13/13      EV: 17    Int: 12      God:    Trog [......]
Gold:   366        SH:  0    Dex: 15      Spells: 0 memorised, 8 levels left

rFire  . . .     SeeInvis .     I - +1 rapier (venom)
rCold  . . .     Gourm    .     t - +0 leather armour
rNeg   . . .     Faith    .     (shield restricted)
rPois  .         Spirit   .     (no helmet)
rElec  .         Reflect  .     (no cloak)
rCorr  .         Harm     .     R - +0 pair of gloves
MR     +....                    (no boots)
Stlth  ++........               (no amulet)
                                (no ring)
                                V - ring of protection from magic

@: no status effects
A: carnivore 3
a: Burn Spellbooks, Renounce Religion


You were on level 9 of the Dungeon.
You worshipped Trog.
Trog was noncommittal.
You were very full.

You visited 2 branches of the dungeon, and saw 10 of its levels.

You collected 366 gold pieces.

Inventory:

Hand Weapons
 a - a +2 dagger of draining
 b - a +0 hunting sling
 A - a +2 whip of electrocution
 G - a +0 short sword
 I - a +1 rapier of venom (weapon)
 L - a +4 scimitar of electrocution
 P - a +0 shortbow
 Z - a +2 rapier of protection
Missiles
 g - 124 stones
 i - 110 arrows
 j - 36 bolts
 q - 41 poisoned needles
 s - 42 sling bullets
 W - 4 tomahawks (quivered)
Armour
 t - a +0 leather armour (worn)
 O - the +1 robe "Aseoczyo" {rC- Regen+ MP+9 Stlth+}
   (You found it on level 5 of the Dungeon)

   It makes you vulnerable to cold.
   It affects your magic capacity (+9).
   It increases your rate of regeneration.
   It makes you more stealthy.
 Q - a +0 buckler
 R - a +0 pair of gloves (worn)
 Y - a +0 pair of gloves
Jewellery
 V - a ring of protection from magic (left hand)
Wands
 c - a wand of flame (15/48)
 d - a wand of enslavement (11/24)
 e - a wand of random effects (7/48)
 y - a wand of enslavement (0/24)
 C - a wand of acid (2/15)
 H - a wand of flame (27/48)
 U - a wand of paralysis (6/24)
Scrolls
 o - a scroll of remove curse
 r - a scroll of teleportation
 K - a scroll of silence {unknown}
 T - a scroll of fog
Potions
 u - a potion of haste
 N - 3 potions of brilliance
 S - a potion of flight
 X - a potion of heal wounds
Comestibles
 f - 4 meat rations
 h - 2 beef jerkies


   Skills:
 + Level 4.8 Fighting
 * Level 8.6 Short Blades
 * Level 5.8 Dodging
 + Level 4.2 Stealth
 * Level 6.4 Evocations


You had 8 spell levels left.
You didn't know any spells.

Dungeon Overview and Level Annotations

Branches:
Dungeon (9/15)             Temple (1/1) D:7            Lair (0/6) D:8
    Orc: D:9-12

Altars:
Ashenzari
Elyvilon
Hepliaklqana
Kikubaaqudgha
Okawaru
Trog
Vehumet
Xom
Yredelemnul
Zin

Shops:
D:9 }

Annotations:
D:1 1 exclusion
D:2 1 exclusion
D:3 exclusion: scorpion
D:4 Mercurio's ghost, novice OpAs
D:5 oHhandaxe, exclusions: ogre, orc, orc wizard, sky beast and zombie
D:6 exclusion: jelly
D:7 owEdaggerofvenom, exclusions: black bear, jelly and sky beast
D:8 eEDscimitarofflamingowDmaceofcruhs, exclusions: orc warrior, scorpion, sky beast and 1 more exclusion, Erica; endorz's ghost, novice CeHu
D:9 opEdaggerofprot, exclusion: scorpion


Innate Abilities, Weirdness & Mutations

You are small and have problems with some larger weapons.
You are carnivorous and can eat meat at any time.


Message History

The hippogriff barely misses you. The hippogriff pecks you.
The hippogriff claws you. The orc warrior closely misses you.
Something completely misses you.
Zapping:
y - a wand of enslavement {zapped: 6} (will waste charges)
Press: ? - help, Shift-Dir - straight line, f - orc priest, p - orc
Aim: an orc priest, wielding a dagger of protection and wearing a ring mail (chance to defeat MR: 60%) Nothing appears to happen.
Evoking this partially-identified wand wasted a few charges.
Your skill with magical items lets you calculate the power of this device...
This wand has 1 charge left.
The hippogriff bites you. The hippogriff pecks you. The hippogriff claws you.
Something hits you.
Zapping:
y - a wand of enslavement (1/24)
Press: ? - help, Shift-Dir - straight line, f/p - orc priest
Aim: an orc priest, wielding a dagger of protection and wearing a ring mail (chance to defeat MR: 60%)
You detect the charmed orc priest.
This wand has 0 charges left.
The hippogriff bites you!
* * * LOW HITPOINT WARNING * * *
The hippogriff pecks you.
* * * LOW HITPOINT WARNING * * *
The hippogriff misses you.
The orc warrior hits you from afar with a glaive!!
You die...

#### ### ....# #..
##.##..
#######.###...o..
.. ........o...# .#
#.## ###o#######.#
..# #.@H........#
#.#
#.#.##.....#####.##
#.#.oo.............
#.####.............
#.# #.............
#.# #.o....####..#
#.# #.....o# ##≈.≈
#.# #......# #≈≈.≈
#.# #......# #≈≈∩≈
#.####......# #≈≈≈≈
#....>....#.# ##≈≈≈


You could see a hippogriff, an orc warrior, an orc priest, an orc wizard and a
friendly orc priest (invisible).

Vanquished Creatures
  Duvessa (D:5)
  3 orc warriors
  An ogre (D:8)
  2 centaurs
  A bullfrog (D:7)
  Dowan (D:5)
  2 howler monkeys
  A crimson imp (D:6)
  5 hounds
  An orc wizard (D:7)
  An orc priest (D:8)
  Jessica (D:3)
  3 worker ants
  An iguana (D:6)
  A hound skeleton (D:8)
  3 worker ant zombies
  5 gnolls
  4 adders
  A howler monkey skeleton (D:7)
  2 oozes
  An adder zombie (D:8)
  2 worms (D:2)
  A leopard gecko (D:4)
  28 orcs
  9 bats
  7 giant cockroaches
  4 hobgoblins
  4 jackals
  9 kobolds
  2 quokkas (D:6)
  2 ball pythons
  4 frilled lizards
  9 goblins
  4 rats
126 creatures vanquished.

Vanquished Creatures (collateral kills)
  An orc wizard (D:7)
  An adder (D:2)
  A ball python (D:3)
  A bat (D:2)
  A kobold (D:2)
5 creatures vanquished.

Vanquished Creatures (others)
  3 adders
3 creatures vanquished.

Grand Total: 134 creatures vanquished

Notes
Turn   | Place    | Note
-------+----------+-------------------------------------------
     0 | D:1      | CALLOUS the Kobold Artificer began the quest for the Orb.
     0 | D:1      | Reached XP level 1. HP: 12/12 MP: 3/3
   279 | D:1      | Reached XP level 2. HP: 16/16 MP: 4/4
   438 | D:1      | Reached skill level 2 in Short Blades
   438 | D:1      | Reached XP level 3. HP: 20/20 MP: 6/6
  1610 | D:2      | Reached XP level 4. HP: 24/25 MP: 7/7
  1640 | D:2      | Reached skill level 3 in Short Blades
  2841 | D:3      | Noticed Jessica
  2843 | D:3      | Killed Jessica
  2843 | D:3      | Reached XP level 5. HP: 29/29 MP: 8/8
  2955 | D:3      | Reached skill level 4 in Short Blades
  5087 | D:4      | Noticed Mercurio's ghost (novice OpAs)
  5096 | D:5      | Entered Level 5 of the Dungeon
  5172 | D:5      | Noticed an ogre
  5262 | D:5      | Reached XP level 6. HP: 31/34 MP: 9/9
  5299 | D:5      | Reached skill level 5 in Short Blades
  5333 | D:5      | Noticed Dowan
  5343 | D:5      | Noticed a sky beast
  5830 | D:5      | Noticed Duvessa
  5851 | D:5      | Killed Duvessa
  5851 | D:5      | Reached skill level 5 in Evocations
  5865 | D:5      | Killed Dowan
  5865 | D:5      | Reached skill level 6 in Short Blades
  5865 | D:5      | Reached XP level 7. HP: 38/40 MP: 10/10
  6248 | D:5      | Found an ancient bone altar of Kikubaaqudgha.
  6250 | D:5      | Got a shadowed robe
  6251 | D:5      | Identified the +1 robe "Aseoczyo" {rC- Regen+ MP+9 Stlth+} (You found it on level 5 of the Dungeon)
  6627 | D:7      | Reached skill level 7 in Short Blades
  6876 | D:7      | Found a shimmering altar of Xom.
  6876 | D:7      | Found a shimmering altar of Xom.
  6876 | D:7      | Found a shimmering altar of Xom.
  6876 | D:7      | Found a shimmering altar of Xom.
  7279 | D:6      | Reached XP level 8. HP: 46/46 MP: 12/12
  7651 | D:8      | Noticed Erica
  7952 | D:8      | Found a staircase to the Lair.
  8299 | D:8      | Reached skill level 5 in Dodging
  8466 | D:8      | Noticed endorz's ghost (novice CeHu)
  8504 | D:7      | Found a staircase to the Ecumenical Temple.
  8511 | Temple   | Entered the Ecumenical Temple
  8516 | Temple   | Became a worshipper of Trog the Wrathful
  8917 | D:7      | Reached skill level 8 in Short Blades
 10182 | D:9      | Found Vugoko Ludgh's Gadget Boutique.
 10195 | D:9      | Reached XP level 9. HP: 35/53 MP: 13/13
 10315 | D:9      | Noticed a hippogriff
 10357 | D:9      | Mangled by an orc warrior

Skill      XL: |  1  2  3  4  5  6  7  8 |
---------------+-------------------------+-----
Evocations     | 4 5 6 |  6.4
Short Blades   | 2 3 4 6 7 8 |  8.6
Dodging        | 3 4 5 |  5.8
Stealth        | 2 3 4 |  4.2
Fighting       | 2 3 4 |  4.8

Action                   |  1- 3 |  4- 6 |  7- 9 || total
-------------------------+-------+-------+-------++-------
Melee: Short sword       |    85 |   118 |       ||   203
       Whip              |       |    25 |    13 ||    38
       Dagger            |       |       |    83 ||    83
       Rapier            |       |       |    47 ||    47
 Fire: Hunting sling     |       |    66 |    96 ||   162
Throw: Stone             |    10 |    38 |    10 ||    58
       Tomahawk          |       |       |     2 ||     2
Evoke: Wand              |       |     9 |     7 ||    16
  Use: Potion            |     5 |     3 |     3 ||    11
       Scroll            |       |     4 |     2 ||     6
 Stab: Sleeping          |     4 |     3 |     2 ||     9
  Eat: Chunk             |    11 |    13 |    12 ||    36
Armor: Leather armour    |     9 |    10 |    21 ||    40
       Robe              |       |     5 |       ||     5
Dodge: Dodged            |    36 |    84 |   103 ||   223
